 Dungeon Crawl Stone Soup version 0.20-a0-1116-gaa52201 (console) character file.

361834 vuev the Executioner (level 21, -3/199 HPs)
             Began as a Minotaur Gladiator on May 7, 2017.
             Was the Champion of Okawaru.
             Slain by an acid blob (30 damage)
             ... on level 3 of the Pits of Slime on May 8, 2017.
             The game lasted 01:55:58 (57260 turns).

vuev the Executioner (Minotaur Gladiator)          Turns: 57260, Time: 01:55:58

Health: -3/199     AC: -2    Str: 25    XL:     21   Next: 50%
Magic:  7/20       EV: 16    Int:  8    God:    Okawaru [******]
Gold:   3252       SH:  5    Dex: 11    Spells: 20/20 levels left

rFire    + . .     SeeInvis .   a - +5 executioner's axe (freeze)
rCold    + . .     Gourm    .   (shield currently unavailable)
rNeg     . . .     Faith    .   G - +9 plate armour "Zong" {rElec}
rPois    .         Spirit   .   i - +2 hat {MR+}
rElec    +         Reflect  +   T - scarf {rC+ rF+}
rCorr    +         Harm     .   r - +0 pair of gloves
MR       +++..                  I - +0 pair of boots
Stlth    ..........             H - +5 amulet of reflection
Regen    0.5/turn               p - ring of protection from magic
MPRegen  0.2/turn               h - ring of resist corrosion

@: corroded
A: retaliatory headbutt, horns 2, blurry vision 1, clumsy 1
}: 2/15 runes: barnacled, gossamer
a: Heroism, Finesse, Renounce Religion


You were on level 3 of the Pits of Slime.
You worshipped Okawaru.
Okawaru was exalted by your worship.
You were very full.

You visited 7 branches of the dungeon, and saw 39 of its levels.
You also visited: Bailey, Ice Cave and Volcano.

You collected 4176 gold pieces.
You spent 924 gold pieces at shops.

Inventory:

Hand Weapons
 a - a +5 executioner's axe of freezing (weapon)
 b - a +2 longbow of flaming
 o - a +2 vampiric battleaxe
Missiles
 d - 15 throwing nets (quivered)
 F - 819 arrows
Armour
 i - a +2 hat of magic resistance (worn)
 r - a +0 pair of gloves (worn)
 y - a +1 cloak of invisibility
 G - the +9 plate armour "Zong" (worn) {rElec}
   (You found it on level 4 of the Dungeon)

   It insulates you from electricity.
 I - a +0 pair of boots (worn)
 T - a scarf of resistance (worn)
Jewellery
 g - a +4 ring of dexterity
 h - a ring of resist corrosion (right hand)
 n - the ring "Nuluk" {rF+ rC+ Int+2 SInv}
   (You acquired it on level 2 of the Orcish Mines)

   [ring of protection from cold]

   It affects your intelligence (+2).
   It protects you from fire.
   It protects you from cold.
   It lets you see invisible.
 p - a ring of protection from magic (left hand)
 H - a +5 amulet of reflection (around neck)
 R - the ring "Gesseras" {rPois rF+ rN+ Str+2 Int+4}
   (You acquired it on level 2 of the Orcish Mines)

   [ring of poison resistance]

   It affects your strength (+2).
   It affects your intelligence (+4).
   It protects you from fire.
   It protects you from poison.
   It protects you from negative energy.
 Y - a +3 ring of strength
Wands
 m - a wand of random effects (27/48)
 C - a wand of enslavement (16/24)
 J - a wand of digging (12/24)
 Q - a wand of iceblast (14/15)
 W - a wand of acid (4/15)
Scrolls
 l - 6 scrolls of recharging
 s - 8 scrolls of teleportation
 t - 3 scrolls of fog
 v - 4 scrolls of magic mapping
 x - 17 scrolls of remove curse
 K - 3 scrolls of blinking
 O - a scroll of fear
 S - a scroll of identify
 U - 6 scrolls of enchant armour
Potions
 e - 3 potions of invisibility
 j - 14 potions of curing
 k - 5 potions of might
 q - 6 potions of agility
 A - 4 potions of heal wounds
 B - 10 potions of haste
 D - 4 potions of brilliance
 E - 7 potions of flight
 L - a potion of resistance
 M - 5 potions of berserk rage
 N - a potion of magic
 X - 5 potions of mutation
Comestibles
 f - 19 bread rations
 w - 15 royal jellies


   Skills:
 + Level 19.5 Fighting
 - Level 22.9 Axes
 + Level 16.5 Bows
 - Level 2.0 Throwing
 + Level 19.8 Armour
 + Level 18.7 Dodging


You had 20 spell levels left.
You didn't know any spells.

Dungeon Overview and Level Annotations

Branches:
Dungeon (15/15)            Temple (0/1) D:6            Lair (6/6) D:11
 Shoals (4/4) Lair:2       Spider (4/4) Lair:3        Slime (4/5) Lair:6
    Orc (2/2) D:9             Elf (0/3) Orc:2        Vaults (4/5) D:13
  Crypt (0/3) Vaults:3     Depths (0/5) D:15

Altars:
Dithmenos
Gozag
Kikubaaqudgha
Okawaru
Qazlal
Vehumet
The Shining One
Beogh

Shops:
D:5 ?   D:8 }   D:9 (   D:10 [   D:12 %   Orc:2 =}??   Shoals:4 ?   Vaults:1 (
Vaults:2 *   Vaults:3 %

Portals:
Trove: D:10 (give +3 shadow dragon scales)

Annotations:
Lair:1 exclusion: oklob plant


Innate Abilities, Weirdness & Mutations

You reflexively headbutt those who attack you in melee.
You have a pair of horns on your head.
Scrolls take you a little longer to read.
You are clumsy. (Dex -2)


Message History

The acid blob hits you!!
* * * LOW HITPOINT WARNING * * *
The acid corrodes you!
You are splashed with acid!
The acid burns!
You resist.
* * * LOW HITPOINT WARNING * * *
Unknown command.
You feel much better. The acid blob closely misses you.
Unknown command.
You hit the acid blob but do no damage.
Your hands burn!
* * * LOW HITPOINT WARNING * * *
The acid blob is almost dead.
The acid blob hits you!!!
* * * LOW HITPOINT WARNING * * *
You are splashed with acid!
The acid burns!
You resist.
* * * LOW HITPOINT WARNING * * *
You feel much better. The acid blob hits you!
* * * LOW HITPOINT WARNING * * *
The acid corrodes you!
You are splashed with acid!
The acid burns!
You resist.
* * * LOW HITPOINT WARNING * * *
You feel much better. The acid blob hits you!!
You die...

#......#
.........
........# ##
........## ##.##
....#....###....#
..##......#....#
.............#
.............#
.......@.....##
.......J......##
...............#
#........#....##
###............#
##...#.>....##
#.........##
#.......^.....
#........<.....


You could see an acid blob.

Vanquished Creatures
  Mara (Vaults:2)
  Bai Suzhen (Vaults:2)
  Margery (Vaults:4)
  Xtahua (Vaults:4)
  Nikola (Shoals:1)
  Jorgrun (Spider:4)
  6 acid blobs
  Gastronok (Lair:3)
  5 krakens
  A tengu reaver (Vaults:4)
  Polyphemus (Shoals:4)
  Kirke (D:12)
  A revenant (Vaults:3)
  A storm dragon (Vaults:4)
  Ilsuiw (Shoals:4)
  4 azure jellies
  3 fire giants
  An orc warlord (Orc:2)
  3 ghost moths (Spider:4)
  8 emperor scorpions
  4 vault wardens
  A ghoul (Vaults:3)
  11 stone giants
  13 ironheart preservers
  6 entropy weavers
  4 deep elf demonologists
  3 very ugly things (Vaults:2)
  Nessos (Lair:5)
  2 deep elf annihilators
  The ghost of Dustman the Fencer, a journeyman MiGl of Makhleb (IceCv)
  An ettin (Vaults:4)
  2 deep elf death magi
  7 merfolk impalers
  3 crystal guardians (Vaults:4)
  A quicksilver dragon zombie (Vaults:4)
  A death ooze (Slime:3)
  3 merfolk javelineers (Shoals:4)
  A yaktaur captain (Vaults:2)
  2 fire dragons
  5 rakshasas
  15 vault guards
  2 ice dragons (IceCv)
  The ghost of Kokiki the Blocker, a journeyman GrFi of Qazlal (D:11)
  3 great orbs of eyes
  5 hydras
  A catoblepas (Shoals:4)
  A death knight (Vaults:4)
  2 merfolk avatars
  An alligator snapping turtle (Shoals:4)
  6 centaur warriors
  Erica (D:11)
  15 ogre magi
  8 merfolk aquamancers
  3 deep troll shamans (Vaults:2)
  A tengu warrior (D:15)
  15 death yaks
  39 two-headed ogres
  The ghost of Kokiki the Fighter, a journeyman VSFi of Okawaru (D:9)
  Urug (Lair:3)
  An orc high priest (Vaults:1)
  Nergalle (D:10)
  5 hell knights (Vaults:4)
  3 deep elf knights
  2 skeletal warriors (Vaults:1)
  19 sea snakes
  A wizard (Vaults:1)
  A glowing orange brain (Slime:4)
  16 deep trolls
  7 deep elf archers
  2 flayed ghosts
  2 unseen horrors
  A tengu zombie (Vaults:4)
  3 necromancers
  A phantasmal warrior (Vaults:4)
  35 wolf spiders
  A wolf spider zombie (D:14)
  The ghost of Duffy the Cleaver, a novice VSGl of Okawaru (Bailey)
  13 harpies
  14 orb spiders
  12 ironbrand convokers
  2 oklob plants (Lair:6)
  16 orc knights
  15 deep elf magi
  A frost giant zombie (Vaults:3)
  A salamander (shapeshifter) (D:15)
  A fire giant zombie (Vaults:4)
  10 orc sorcerers
  11 ugly things
  5 fauns
  7 cyclopes
  17 manticores
  A shining eye (Slime:3)
  15 merfolk sirens
  A black mamba (shapeshifter) (Vaults:4)
  5 moths of wrath
  Joseph (D:9)
  2 ice statues (IceCv)
  2 eyes of devastation
  12 elephants
  13 vault sentinels
  8 water nymphs
  4 torpor snails
  A torpor snail (shapeshifter) (D:14)
  3 gargoyles
  13 spiny frogs
  A rime drake (shapeshifter) (Vaults:4)
  A spiny frog (shapeshifter) (Vaults:4)
  9 rime drakes
  A komodo dragon (shapeshifter) (Vaults:2)
  8 yaktaurs
  10 komodo dragons
  5 freezing wraiths
  A human skeleton (Vaults:4)
  10 demonic crawlers
  5 efreet
  A guardian mummy (D:10)
  8 trolls
  4 hornets
  A jumping spider (shapeshifter) (Vaults:4)
  30 jumping spiders
  A polar bear (Lair:6)
  22 merfolk
  11 wind drakes
  15 hippogriffs
  21 blink frogs
  9 dream sheep
  51 slime creatures
  12 snapping turtles
  7 wyverns
  A spriggan (D:7)
  30 tarantellas
  2 shadows
  91 redbacks
  14 water elementals
  4 wraiths
  4 golden eyes
  49 yaks
  2 fire elementals (Volcano)
  2 hogs (D:12)
  2 hungry ghosts
  2 steam dragons
  9 vampire mosquitoes
  10 wargs
  Duvessa (D:7)
  3 acid dragons
  14 water moccasins
  53 orc warriors
  18 ice beasts
  11 porcupines
  4 black bears
  3 necrophages
  2 sky beasts
  4 eyes of draining
  6 wolves (Lair:4)
  35 ogres
  6 boggarts (Vaults:3)
  24 centaurs
  19 crocodiles
  A wyvern zombie (D:9)
  2 earth elementals (Volcano)
  5 big kobolds
  21 bullfrogs
  A glowing shapeshifter simulacrum (Vaults:1)
  3 human zombies
  10 gnoll sergeants
  Dowan (D:7)
  3 scorpions
  9 killer bees
  10 electric eels
  5 wights (D:13)
  A howler monkey (D:11)
  3 bullfrog zombies
  11 crimson imps
  2 jellies
  6 hounds
  A jelly (shapeshifter) (D:15)
  5 quasits
  3 centaur zombies
  25 orc priests
  7 gnoll shamans
  52 orc wizards
  3 bullfrog skeletons
  5 centaur skeletons
  4 iguanas
  11 worker ants
  A killer bee zombie (D:6)
  2 hound zombies
  A hound skeleton (D:11)
  2 worker ant zombies
  13 adders
  32 gnolls
  A howler monkey skeleton (D:4)
  4 shadow imps
  An adder skeleton (D:9)
  2 worms
  2 dart slugs
  4 leopard geckos
  125 orcs
  3 giant cockroaches
  4 hobgoblins
  6 jackals
  30 kobolds
  4 quokkas
  2 ball pythons (D:2)
  7 bats
  5 frilled lizards
  7 goblins
  A jackal skeleton (D:5)
  2 quokka skeletons
  2 rats
  A butterfly (Lair:4)
  6 fungi
  2 plants
  15 tentacles
1710 creatures vanquished.

Vanquished Creatures (others)
  A fire giant (Vaults:4)
  A cyclops (Shoals:4)
  A water nymph (Shoals:1)
  A tarantella (Spider:3)
  An orc wizard (Orc:2)
  3 kobolds
  A bush (Lair:2)
  9 fungi
  14 plants
  23 tentacles
55 creatures vanquished.

Grand Total: 1765 creatures vanquished

Notes
Turn   | Place    | Note
-------+----------+-------------------------------------------
     0 | D:1      | vuev the Minotaur Gladiator began the quest for the Orb.
     0 | D:1      | Reached XP level 1. HP: 18/18 MP: 0/0
   342 | D:1      | Reached XP level 2. HP: 25/25 MP: 1/1
   353 | D:1      | Reached skill level 4 in Axes
  1084 | D:2      | Reached XP level 3. HP: 30/30 MP: 2/2
  1159 | D:2      | Reached skill level 1 in Armour
  2042 | D:3      | Reached XP level 4. HP: 38/38 MP: 3/3
  2265 | D:3      | Noticed an ogre
  2270 | D:3      | Killed an ogre
  2270 | D:3      | Reached skill level 5 in Axes
  2270 | D:3      | Reached XP level 5. HP: 46/46 MP: 4/4
  2336 | D:3      | Found a stormy altar of Qazlal.
  2949 | D:4      | Got a slimy plate armour
  2960 | D:4      | Identified the +9 plate armour "Zong" {rElec} (You found it on level 4 of the Dungeon)
  3169 | D:4      | Reached XP level 6. HP: 52/52 MP: 5/5
  3307 | D:5      | Entered Level 5 of the Dungeon
  3360 | D:5      | Reached skill level 6 in Axes
  3461 | D:5      | Reached skill level 5 in Dodging
  3538 | D:5      | Found Xyse's Magic Scroll Boutique.
  3545 | D:5      | Bought a scroll of teleportation for 30 gold pieces
  3545 | D:5      | Bought a scroll of magic mapping for 35 gold pieces
  3654 | D:5      | Reached XP level 7. HP: 58/60 MP: 6/6
  3905 | D:5      | Found an iron altar of Okawaru.
  4063 | D:5      | Reached skill level 7 in Axes
  4154 | D:5      | Became a worshipper of Warmaster Okawaru
  4346 | D:6      | Reached skill level 5 in Fighting
  4347 | D:6      | Reached * piety under Okawaru
  4349 | D:6      | Found a staircase to the Ecumenical Temple.
  4385 | D:6      | Reached XP level 8. HP: 66/68 MP: 7/7
  4499 | D:6      | Identified the +4 scale mail "Rebyagh" {rC+ Regen+ Str-2} (You found it on level 6 of the Dungeon)
  4565 | D:6      | Reached skill level 8 in Axes
  4848 | D:6      | Reached skill level 5 in Armour
  4895 | D:6      | Found a shadowy altar of Dithmenos.
  4976 | D:6      | Reached skill level 9 in Axes
  4981 | D:6      | Reached ** piety under Okawaru
  5186 | D:6      | Reached XP level 9. HP: 51/78 MP: 8/8
  6086 | D:7      | Reached skill level 10 in Axes
  6110 | D:7      | Reached *** piety under Okawaru
  6198 | D:7      | Found an ancient bone altar of Kikubaaqudgha.
  6227 | D:7      | Noticed Duvessa
  6231 | D:7      | Killed Duvessa
  6235 | D:7      | Noticed Dowan
  6245 | D:7      | Killed Dowan
  6358 | D:7      | Found a glowing golden altar of the Shining One.
  6560 | D:8      | Noticed a two-headed ogre
  6573 | D:8      | Killed a two-headed ogre
  6573 | D:8      | Reached **** piety under Okawaru
  6573 | D:8      | Reached skill level 11 in Axes
  6616 | D:8      | Found Boemnitre's Gadget Emporium.
  6632 | D:8      | Found a radiant altar of Vehumet.
  6739 | D:8      | Reached XP level 10. HP: 88/88 MP: 9/9
  6900 | D:8      | Found a flagged portal.
  6916 | Bailey   | Entered a bailey
  6994 | Bailey   | Received a gift from Okawaru
  6998 | Bailey   | Noticed Duffy's ghost (novice VSGl)
  7019 | Bailey   | Killed Duffy's ghost
  7019 | Bailey   | Reached ***** piety under Okawaru
  7182 | Bailey   | Reached skill level 12 in Axes
  7891 | D:9      | Found an opulent altar of Gozag.
  7974 | D:9      | Noticed Joseph
  8006 | D:9      | Killed Joseph
  8083 | D:9      | Found Foavy's Antique Weapon Shop.
  8318 | D:9      | Noticed Kokiki's ghost (journeyman VSFi)
  8348 | D:9      | Killed Kokiki's ghost
  8612 | D:9      | Received a gift from Okawaru
  8728 | D:9      | Reached XP level 11. HP: 97/97 MP: 10/10
  8751 | D:9      | Reached skill level 13 in Axes
  9131 | D:9      | Found a staircase to the Orcish Mines.
  9253 | D:9      | Noticed a two-headed ogre
  9271 | D:9      | Killed a two-headed ogre
  9444 | D:9      | Noticed a two-headed ogre
  9458 | D:9      | Killed a two-headed ogre
  9484 | D:10     | Entered Level 10 of the Dungeon
  9658 | D:10     | Noticed Nergalle
  9669 | D:10     | Killed Nergalle
  9669 | D:10     | Reached ****** piety under Okawaru
  9669 | D:10     | Reached skill level 1 in Bows
 10305 | D:10     | Found Wetzar's Antique Armour Boutique.
 10324 | D:10     | Bought an embroidered hat for 196 gold pieces
 10491 | D:10     | Found a portal to a secret trove of treasure.
 10509 | D:10     | Reached skill level 10 in Fighting
 10708 | D:11     | Reached skill level 10 in Dodging
 10715 | D:11     | Received a gift from Okawaru
 10720 | D:11     | Reached skill level 14 in Axes
 11007 | D:11     | Reached skill level 10 in Armour
 11126 | D:11     | Noticed a white ugly thing
 11158 | D:11     | Killed a white ugly thing
 11377 | D:11     | Found a staircase to the Lair.
 11716 | D:11     | Noticed Erica
 11734 | D:11     | Killed Erica
 11734 | D:11     | Received a gift from Okawaru
 12202 | D:11     | Noticed Kokiki's ghost (journeyman GrFi)
 12237 | D:11     | Killed Kokiki's ghost
 12237 | D:11     | Received a gift from Okawaru
 12237 | D:11     | Reached XP level 12. HP: 19/107 MP: 8/11
 12715 | Lair:1   | Entered Level 1 of the Lair of Beasts
 14225 | Lair:2   | Noticed a five-headed hydra
 14240 | Lair:2   | Killed a five-headed hydra
 14240 | Lair:2   | Reached skill level 15 in Axes
 14686 | Lair:2   | Found a staircase to the Shoals.
 14726 | Lair:2   | Reached skill level 5 in Bows
 15627 | Lair:3   | Noticed a five-headed hydra
 15637 | Lair:3   | Killed a five-headed hydra
 15686 | Lair:3   | Noticed Urug
 15699 | Lair:3   | Killed Urug
 15699 | Lair:3   | Received a gift from Okawaru
 15827 | Lair:3   | Noticed Gastronok
 15941 | Lair:3   | You fall through a shaft!
 15979 | Lair:4   | Reached XP level 13. HP: 116/116 MP: 12/12
 16232 | Lair:3   | Killed Gastronok
 16537 | Lair:3   | Reached skill level 16 in Axes
 16593 | Lair:3   | Received a gift from Okawaru
 16730 | Lair:3   | Found a hole to the Spider Nest.
 18160 | Lair:5   | Noticed Nessos
 18174 | Lair:5   | Killed Nessos
 18719 | Lair:5   | Reached XP level 14. HP: 120/127 MP: 13/13
 18905 | Lair:5   | Reached skill level 17 in Axes
 18948 | Lair:5   | Received a gift from Okawaru
 19182 | Lair:6   | Entered Level 6 of the Lair of Beasts
 19209 | Lair:6   | Found a staircase to the Slime Pits.
 19221 | Lair:6   | Found a dark tunnel.
 19345 | Volcano  | Entered a volcano
 19657 | Volcano  | Noticed a stone giant
 19671 | Volcano  | Killed a stone giant
 19679 | Volcano  | Got warped fire dragon scales
 19760 | Lair:6   | Identified the cursed +1 fire dragon scales "Poiqirr" {rF++ rC- Str+4} (You found it in a volcano)
 20852 | Lair:6   | Received a gift from Okawaru
 21378 | Lair:6   | Reached skill level 18 in Axes
 21777 | Orc:1    | Entered Level 1 of the Orcish Mines
 22083 | Orc:1    | Found a roughly hewn altar of Beogh.
 22364 | Orc:1    | Found a roughly hewn altar of Beogh.
 22854 | Orc:2    | Entered Level 2 of the Orcish Mines
 23139 | Orc:2    | Received a gift from Okawaru
 23146 | Orc:2    | Identified the +1 fustibalus of Butchery {speed, Stlth+} (Okawaru gifted it to you on level 2 of the Orcish Mines)
 23194 | Orc:2    | Reached XP level 15. HP: 102/136 MP: 14/14
 23593 | Orc:2    | Found a roughly hewn altar of Beogh.
 23654 | Orc:2    | Found Xeisorghu's Jewellery Shoppe.
 23654 | Orc:2    | Found Ycol's Gadget Boutique.
 23793 | Orc:2    | Noticed an orc warlord
 23840 | Orc:2    | Killed an orc warlord
 24016 | Orc:2    | Found Geathet's Gadget Shoppe.
 24041 | Orc:2    | Found Sowe Lin's Magic Scroll Boutique.
 24249 | Orc:2    | Identified 2 scrolls of acquirement
 24252 | Orc:2    | Got a scintillating bone ring
 24254 | Orc:2    | Identified the ring "Nuluk" {rF+ rC+ Int+2 SInv} (You acquired it on level 2 of the Orcish Mines)
 24411 | Orc:2    | Bought a scroll of teleportation for 36 gold pieces
 24411 | Orc:2    | Bought a scroll of teleportation for 36 gold pieces
 24411 | Orc:2    | Bought a scroll of teleportation for 36 gold pieces
 24411 | Orc:2    | Bought a scroll of teleportation for 36 gold pieces
 24411 | Orc:2    | Bought a scroll of brand weapon for 240 gold pieces
 24414 | Orc:2    | Got a steaming brass ring
 24416 | Orc:2    | Identified the ring "Gesseras" {rPois rF+ rN+ Str+2 Int+4} (You acquired it on level 2 of the Orcish Mines)
 24498 | Orc:2    | Found a roughly hewn altar of Beogh.
 24511 | Orc:2    | Received a gift from Okawaru
 24591 | Orc:2    | Found Quxoq's Magic Scroll Emporium.
 24599 | Orc:2    | Bought a scroll of blinking for 112 gold pieces
 24791 | Orc:2    | Found a staircase to the Elven Halls.
 25087 | D:12     | Found Vemetial's Food Emporium.
 25543 | D:12     | Noticed Kirke
 25552 | D:12     | Killed Kirke
 25992 | D:13     | Found a gate to the Vaults.
 26416 | D:13     | Reached skill level 19 in Axes
 26941 | D:13     | Received a gift from Okawaru
 26944 | D:13     | Identified the +6 ring mail of Vlad {Dex+5} (Okawaru gifted it to you on level 13 of the Dungeon)
 27537 | D:14     | Reached skill level 10 in Bows
 28331 | D:15     | Entered Level 15 of the Dungeon
 28391 | D:15     | Found a frozen archway.
 28400 | IceCv    | Entered an ice cave
 28432 | IceCv    | Noticed Dustman's ghost (journeyman MiGl)
 28445 | IceCv    | Killed Dustman's ghost
 28696 | IceCv    | Got a slimy golden ring
 28711 | IceCv    | Identified the ring of Yredelemnul's Whim {-Tele rPois rF+ Str+4} (You found it in an ice cave)
 29194 | D:15     | Received a gift from Okawaru
 29229 | D:15     | Reached XP level 16. HP: 133/144 MP: 12/15
 30122 | D:15     | Found a staircase to the Depths.
 30278 | D:15     | Received a gift from Okawaru
 30736 | Spider:1 | Entered Level 1 of the Spider Nest
 30981 | Spider:1 | Received a gift from Okawaru
 31521 | Spider:1 | Reached skill level 20 in Axes
 32817 | Spider:2 | Reached skill level 15 in Armour
 32898 | Spider:2 | Reached skill level 15 in Fighting
 33511 | Spider:2 | Received a gift from Okawaru
 34922 | Spider:3 | Received a gift from Okawaru
 36103 | Spider:4 | Entered Level 4 of the Spider Nest
 36168 | Spider:4 | Reached XP level 17. HP: 156/156 MP: 16/16
 36207 | Spider:4 | Noticed Jorgrun
 36226 | Spider:4 | Killed Jorgrun
 37943 | Spider:4 | Reached skill level 21 in Axes
 38109 | Spider:4 | Reached skill level 15 in Dodging
 38461 | Spider:4 | Received a gift from Okawaru
 38657 | Spider:4 | Received a gift from Okawaru
 39352 | Spider:4 | Got a gossamer rune of Zot
 39833 | Vaults:1 | Entered Level 1 of the Vaults
 39840 | Vaults:1 | Noticed an Ice Fiend
 39848 | Vaults:1 | Noticed an Ice Fiend
 39996 | Vaults:1 | Received a gift from Okawaru
 40626 | Vaults:1 | Found Egucsiar's Weapon Emporium.
 40786 | Vaults:1 | Reached XP level 18. HP: 137/166 MP: 17/17
 41220 | Vaults:1 | You fall through a shaft!
 41220 | Vaults:2 | Noticed Bai Suzhen
 41236 | Vaults:2 | Killed Bai Suzhen
 41782 | Vaults:1 | Received a gift from Okawaru
 41807 | Vaults:1 | Received a gift from Okawaru
 42109 | Vaults:1 | Received a gift from Okawaru
 42229 | Vaults:1 | Reached skill level 22 in Axes
 42525 | Vaults:1 | Received a gift from Okawaru
 42528 | Vaults:1 | Got a pair of scorched gloves {god gift}
 42539 | Vaults:1 | Identified the -3 pair of gloves "Ovytz" {+Inv Str+8 Dex-3 Slay-3} (Okawaru gifted it to you on level 1 of the Vaults)
 43162 | Vaults:2 | Found Fuont's General Store.
 43175 | Vaults:2 | Bought a potion of heal wounds for 65 gold pieces
 43834 | Vaults:2 | Noticed Mara
 43856 | Vaults:2 | Killed Mara
 43918 | Vaults:2 | Received a gift from Okawaru
 43928 | Vaults:2 | Reached XP level 19. HP: 100/174 MP: 8/18
 43939 | Vaults:2 | Received a gift from Okawaru
 45463 | Vaults:3 | Received a gift from Okawaru
 46074 | Vaults:3 | Received a gift from Okawaru
 46812 | Vaults:3 | Found a staircase to the Crypt.
 47027 | Vaults:3 | Found Biviohac's Food Emporium.
 47087 | Vaults:3 | Received a gift from Okawaru
 47973 | Vaults:4 | Noticed Margery
 47978 | Vaults:4 | Killed Margery
 47981 | Vaults:4 | Noticed Xtahua
 47988 | Vaults:4 | Killed Xtahua
 48006 | Vaults:4 | Received a gift from Okawaru
 48051 | Vaults:4 | Identified the +4 plate armour "Igiam" {*Drain Str+5 Dex+4} (Okawaru gifted it to you on level 4 of the Vaults)
 48506 | Vaults:4 | Reached XP level 20. HP: 172/187 MP: 19/19
 49220 | Vaults:4 | Reached skill level 15 in Bows
 50387 | Shoals:1 | Entered Level 1 of the Shoals
 50426 | Shoals:1 | Received a gift from Okawaru
 50646 | Shoals:1 | Noticed Nikola
 50658 | Shoals:1 | Killed Nikola
 50658 | Shoals:1 | Received a gift from Okawaru
 50898 | Shoals:1 | Received a gift from Okawaru
 53360 | Shoals:4 | Entered Level 4 of the Shoals
 53506 | Shoals:4 | Got a barnacled rune of Zot
 53535 | Shoals:4 | Found Nigaah's Magic Scroll Shoppe.
 53545 | Shoals:4 | Bought a scroll of teleportation for 51 gold pieces
 53545 | Shoals:4 | Bought a scroll of teleportation for 51 gold pieces
 53895 | Shoals:4 | Noticed Ilsuiw
 53950 | Shoals:4 | Killed Ilsuiw
 54748 | Shoals:4 | Reached XP level 21. HP: 196/196 MP: 20/20
 54758 | Shoals:4 | Received a gift from Okawaru
 55570 | Shoals:4 | Received a gift from Okawaru
 55573 | Shoals:4 | Identified the +1 chain mail of the Aged Ships {+Blink MR+ MP+9 Str-3} (Okawaru gifted it to you on level 4 of the Shoals)
 55580 | Shoals:4 | Noticed Polyphemus
 55593 | Shoals:4 | Killed Polyphemus
 56214 | Slime:1  | Entered Level 1 of the Pits of Slime
 57158 | Slime:3  | Gained mutation: Scrolls take you a little longer to read. [a shining eye]
 57160 | Slime:3  | Gained mutation: You are clumsy. (Dex -2) [a shining eye]
 57258 | Slime:3  | HP: 7/199 [acid (4)]
 57260 | Slime:3  | Slain by an acid blob

Vault maps used:
D:1:      eino_arrival_druids_welcome
D:3:      lemuel_doored_altar
D:4:      first_bread
D:5:      black_bear_nest_1, lemuel_crystal_altar, serial_shops, shop
D:6:      grunt_dithmenos_smoke_and_mirrors, minmay_temple_entry_overgrown,
          minmay_bent
D:7:      old_standard_altar, kiku_gazebo_garden_becter, the_bakery,
          uniq_duvessa
D:8:      basic_altar, enter_bailey_2, serial_shops, kennysheep_little_box
D:9:      nicolae_gozag_seed_capital, david_orc_4, serial_shops, shop,
          uniq_joseph
D:10:     serial_shops, shop, nicolae_trove_entry_path_of_doom, uniq_nergalle
D:11:     david_lair_shrubbed, uniq_erica
D:12:     serial_shops, shop, uniq_kirke
D:13:     erik_vaults_2
D:15:     hangedman_depths_entry_try_elsewhere_first, minmay_misc_feat_cross,
          portal_ice_cave_entry_pillars_2, st_stairs_4, minivault_20,
          grunt_decor_one_mirror, hangedman_decor_push
Lair:1:   minmay_lair_oklob_chamber, grunt_megastairs_4
Lair:2:   elwin_shoals_entry_stream
Lair:3:   spider_nest_entry_funnel_web, uniq_gastronok, uniq_urug
Lair:4:   grunt_megastairs_3, lemuel_fruit_fields
Lair:5:   uniq_nessos
Lair:6:   gammafunk_lair_ancient_temple, minmay_slime_entry_oklob_open,
          nicolae_volcano_entry_hallway, minivault_25
Shoals:1: overgrown_hall, uniq_nikola
Shoals:2: nicolae_shoals_cliffside_cave
Shoals:3: abandoned_shop
Shoals:4: shoals_end_hangedman, shoals_ilsuiw_alternative, serial_shops, shop,
          abandoned_shop, uniq_polyphemus
Spider:4: grunt_spider_rune_circles, spider_trap, uniq_jorgrun
Slime:3:  nicolae_slime_welcoming_committee
Orc:1:    hangedman_feature_mirror
Orc:2:    st_orc_town, basic_altar, serial_shops, shop_statue, special_room
Vaults:1: vaults_room_boxed, grunt_vaults_swirl, vaults_mumra_chevron,
          special_room_vaults, v_rooms_4, vaults_mumra_minichess_inversion,
          v_rooms_3, vaults_room_grunt_arrival_ludios, vaults_room_large_hall,
          nicolae_vaults_theta, v_misc_14, serial_shops, shop
Vaults:2: ontoclasm_vaults_decontamination, hangedman_vaults_slice,
          grunt_vaults_hallway_short, v_misc_29, vaults_dpeg_spiral,
          hangedman_vaults_pinch, vaults_room_door_hall,
          nicolae_vaults_network_s, hangedman_vaults_corner_blocks,
          vaults_standard_mumra_enter_the_diamond,
          nicolae_vaults_fighting_squares, vaults_room_stairs_pillars,
          vaults_dpeg_encased_lava, nicolae_vaults_little_squares_6,
          nicolae_vaults_little_squares_2, serial_shops, shop, uniq_bai_suzhen,
          uniq_mara
Vaults:3: hangedman_vaults_stretched_pinwheel, vaults_dpeg_hooks,
          dpeg_vaults_monster_box, minmay_crypt_entry_simple_sparse,
          ontoclasm_vaults_claustrophobia, serial_shops, nicolae_shop_trees
Vaults:4: grunt_vaults_diagonal, ontoclasm_vaults_misaligned, vaults_room_pool,
          v_misc_33, nicolae_vaults_circle_grid_b, ontoclasm_vaults_idyll,
          nicolae_vaults_network_quincunx, v_misc_11, v_misc_12,
          hangedman_vaults_stagger, hangedman_vaults_cutoff,
          vaults_room_octagon, nicolae_vaults_holding_cells,
          ontoclasm_vaults_twist, nicolae_vaults_little_ls, uniq_margery,
          uniq_xtahua
Bailey:   bailey_polearm_gnolls_kennysheep, bailey
IceCv:    ice_cave_small_dragons
Volcano:  volcano_pools

Skill      XL: |  1  2  3  4  5  6  7  8  9 10 11 12 13 14 15 16 17 18 19 20 21 |
---------------+----------------------------------------------------------------+-----
Axes           | 4 5 6 7 9 11 12 14 15 16 18 19 20 21 22 | 22.9
Armour         | 1 2 3 4 5 7 9 10 11 12 13 14 15 16 17 18 19 | 19.8
Fighting       | 3 4 5 6 7 9 10 11 12 13 14 15 16 17 18 19 | 19.5
Dodging        | 4 5 6 7 8 9 10 11 12 13 14 15 16 17 18 | 18.7
Bows           | 3 5 7 9 10 11 12 13 14 16 | 16.5
Throwing       | |  2.0

Action                   |  1- 3 |  4- 6 |  7- 9 | 10-12 | 13-15 | 16-18 | 19-21 || total
-------------------------+-------+-------+-------+-------+-------+-------+-------++-------
Melee: War axe           |    61 |    84 |   278 |   665 |       |       |       ||  1088
       Headbutt          |    13 |    21 |    84 |   215 |   187 |   273 |   192 ||   985
       Punch             |       |       |     1 |     8 |       |       |       ||     9
       Battleaxe         |       |       |       |     7 |   736 |   677 |       ||  1420
       Executioner's axe |       |       |       |       |    10 |   397 |   768 ||  1175
 Fire: Hunting sling     |    10 |       |       |       |       |       |       ||    10
       Shortbow          |       |       |       |   243 |   119 |       |       ||   362
       Longbow           |       |       |       |       |   567 |   556 |   659 ||  1782
Throw: Throwing net      |       |     1 |     2 |    10 |     4 |     7 |       ||    24
Invok: Heroism           |       |       |     2 |    25 |    21 |    15 |    10 ||    73
  Use: Scroll            |     3 |     6 |     4 |     6 |    20 |    10 |     4 ||    53
       Potion            |     1 |       |     3 |     3 |     2 |     6 |     7 ||    22
 Stab: Held in net/web   |       |       |       |     9 |       |     4 |       ||    13
       Distracted        |       |       |       |       |       |       |     2 ||     2
  Eat: Chunk             |     3 |     5 |    10 |    12 |    24 |    11 |    35 ||   100
       Fruit             |       |       |     1 |       |     3 |       |     7 ||    11
       Meat ration       |       |       |       |     4 |     3 |     7 |     2 ||    16
Armor: Scale mail        |    25 |    20 |       |       |       |       |       ||    45
       Leather armour    |     1 |       |       |       |       |       |       ||     1
       Plate armour      |       |    38 |   169 |   274 |   404 |   720 |   460 ||  2065
Dodge: Dodged            |    40 |    47 |   116 |   367 |   522 |   816 |   616 ||  2524
Block: Other             |       |       |    29 |   135 |   185 |   275 |   158 ||   782
       Reflection        |       |       |       |     6 |    11 |     9 |    15 ||    41
